 Dungeon Crawl Stone Soup version 0.16-a0-2381-gbf6b861 (webtiles) character file.

8152 PolkaDot the Cruncher (level 11, -3/68 HPs)
             Began as a Vampire Summoner on Nov 18, 2014.
             Was a Priest of Sif Muna.
             Slain by a quokka (5 damage)
             ... on level 10 of the Dungeon.
             The game lasted 00:59:00 (15224 turns).

PolkaDot the Cruncher (Vampire Summoner)           Turns: 15224, Time: 00:59:00

Health: -3/68      AC: 12    Str: 12    XL:     11   Next: 6%
Magic:  14/18      EV: 11    Int: 23    God:    Sif Muna [***...]
Gold:   640        SH:  0    Dex: 14    Spells: 3 memorised, 3 levels left

rFire  . . .     SeeInvis +     x - staff of summoning
rCold  . . .     Clarity  .     q - +1 troll leather armour
rNeg   + . .     SustAb   .     (no shield)
rPois  .         Gourm    .     G - +2 hat {SInv}
rElec  .         Spirit   .     d - +2 cloak
rCorr  .         Warding  +     p - +0 pair of gloves
rMut   .         Stasis   .     a - +0 pair of boots
MR     +....                    (no amulet)
Stlth  +.........               l - +3 ring of intelligence (curse)
                                i - ring of wizardry

@: confused, mighty, lethally poisoned, very slightly contaminated, hasted and
slowed, somewhat resistant to hostile enchantments, very unstealthy
A: bottle blood, fangs 3, see invisible, screaming 1, wild magic 1, unbreathing
a: Bat Form, Channel Energy, Forget Spell, Renounce Religion


You were on level 10 of the Dungeon.
You worshipped Sif Muna.
Sif Muna was most pleased with you.
You were not thirsty.

You visited 2 branches of the dungeon, and saw 11 of its levels.

You collected 640 gold pieces.

Inventory:

Missiles
 f - a throwing net (quivered)
Armour
 a - a +0 pair of boots (worn)
 d - a +2 cloak (worn)
 p - a +0 pair of gloves (worn)
 q - a +1 troll leather armour (worn)
 G - a +2 hat of see invisible (worn)
Magical staves
 x - an uncursed staff of summoning (weapon)
Jewellery
 i - a ring of wizardry (left hand)
 l - a cursed +3 ring of intelligence (right hand)
 n - an uncursed ring of protection from magic
 w - an uncursed ring of sustain abilities
Magical devices
 A - a wand of magic darts (14)
 D - a wand of paralysis (7)
 F - a wand of digging (12)
Scrolls
 c - 7 scrolls of teleportation
 j - 3 scrolls of remove curse
 m - a scroll of brand weapon {unknown}
 r - a scroll of enchant weapon
 t - a scroll of noise {unknown}
 u - a scroll of immolation
 y - a scroll of recharging {unknown}
Potions
 o - 2 potions of magic
 z - a potion of degeneration {unknown}
 B - 2 potions of restore abilities
 C - a potion of confusion {!q}
 E - a potion of berserk rage {unknown}
Books
 b - a book of Callings

   Spells                             Type                      Level
   Summon Small Mammal                Summoning                    1
   Call Imp                           Summoning                    2
   *Call Canine Familiar              Summoning                    3
   *Summon Guardian Golem             Hexes/Summoning              4
   Summon Lightning Spire             Summoning/Air                4
   *Summon Ice Beast                  Ice/Summoning                4


   Skills:
   Level 1.1(7.5) Polearms
 * Level 10.6(10.7) Staves
 - Level 2.1 Dodging
 - Level 3.0 Stealth
 - Level 2.2 Spellcasting
 + Level 5.1 Hexes
 + Level 9.6 Summonings
 - Level 6.0 Ice Magic


You had 3 spell levels left.
You knew the following spells:

 Your Spells              Type           Power        Failure   Level  Hunger
d - Call Canine Familiar  Summ           #######.     1%          3    ###....
g - Summon Guardian Gole  Hex/Summ       ######..     8%          4    ####...
i - Summon Ice Beast      Ice/Summ       ######..     6%          4    ####...


Dungeon Overview and Level Annotations

Branches:
Dungeon (10/15)            Temple (1/1) D:4
   Lair: D:8-11         Orc: D:9-12

Altars:
Ashenzari
Cheibriados
Dithmenos
Elyvilon
Fedhas
Gozag
Kikubaaqudgha
Makhleb
Nemelex Xobeh
Okawaru
Qazlal
Ru
Sif Muna
Trog
Vehumet
Xom
Yredelemnul
Zin
The Shining One


Innate Abilities, Weirdness & Mutations

You can bottle blood from corpses.
You have razor-sharp teeth.
You have supernaturally acute eyesight.
You can survive without breathing.
You occasionally shout uncontrollably at your foes.
Your spells are a little harder to cast, but a little more powerful.


Message History

You're too confused to move!
You bump into the tree.
* * * LOW HITPOINT WARNING * * *
You feel sick.
The deep elf mage points at you and mumbles some strange words.
You feel yourself slow down.
The sky beast closely misses your ice beast.
Drink which item? (? for menu, Esc to quit)
You feel very mighty all of a sudden.
It was a potion of might.
Your ice beast freezes the sky beast!
The sky beast dies!
Drink which item? (? for menu, Esc to quit)
Okay, then.
You swing at nothing.
The quokka bites you but does no damage.
Drink which item? (? for menu, Esc to quit)
You feel extremely strange.
You feel the urge to shout.
You feel less in control of your magic.
It was a potion of mutation.
You feel sick. The quokka bites you.
You die...

♣. ♣♣♣♣..♣♣ . ♣♣..♣
♣ ♣♣♣..♣♣ ♣♣♣♣..).♣
♣♣♣.....♣♣♣
♣♣....♣♣♣♣
♣♣♣♣...♣♣♣
♣.♣♣♣♣....♣♣♣
♣..@Y.♣♣♣♣ T♣
♣♣♣♣r.)♣ ♣..♣
♣♣e(.♣♣♣♣♣♣♣ ♣..♣♣
♣..........♣ #
♣.r♣♣♣..♣♣♣♣♣♣♣....
### ♣)(e.♣♣ ..####
♣♣♣♣♣♣ #....####
######## ........##
#######......###


You could see a deep elf mage, a quokka and a friendly ice beast.

Vanquished Creatures
  A yak (D:9)
  A hippogriff (D:8)
  A warg (D:9)
  Edmund (D:5)
  An ice beast (D:6)
  A phantom (D:3)
  3 ogres
  3 big kobolds (D:4)
  2 giant frogs
  A wyvern skeleton (D:8)
  A centaur zombie (D:9)
  2 jellies
  2 hounds (D:4)
  2 centaur skeletons
  An orc priest (D:6)
  3 orc wizards
  A killer bee zombie (D:10)
  4 worker ants
  A hound skeleton (D:4)
  A mummy (D:9)
  3 gnolls
  2 adders
  2 giant mites
  A worm (D:2)
  2 oozes
  5 giant geckos
  12 orcs
  18 bats
  A bat skeleton (D:7)
  5 giant cockroaches
  8 goblins
  14 hobgoblins
  2 jackals (D:4)
  28 kobolds
  2 ball pythons (D:2)
  A giant gecko skeleton (D:4)
  6 giant newts
  4 quokkas
  15 rats
  2 ballistomycetes (D:10)
166 creatures vanquished.

Vanquished Creatures (collateral kills)
  Gastronok (D:9)
  Erica (D:10)
  2 hill giants (D:10)
  Pikel (D:9)
  A guardian serpent (D:10)
  4 trolls
  The ghost of zkyp the Cudgeler, an average HuFi (D:4)
  A queen bee (D:9)
  A shadow (D:9)
  A wyvern (D:8)
  Eustachio (D:5)
  5 yaks (D:9)
  2 hungry ghosts
  Grum (D:9)
  4 wolves
  A water moccasin (D:8)
  4 sky beasts
  4 orc warriors
  A black bear (D:10)
  3 ice beasts
  4 ogres
  A yellow wasp (D:10)
  3 slaves (D:9)
  A crocodile (D:10)
  3 phantoms
  3 centaurs
  4 big kobolds
  2 giant frogs
  3 wyvern skeletons
  2 scorpions (D:8)
  36 killer bees
  An electric eel (D:9)
  4 goliath beetles
  4 crimson imps
  3 gnoll shamans
  2 centaur skeletons
  3 jellies
  3 orc priests
  A hound (D:9)
  5 iguanas
  4 orc wizards
  2 worker ants (D:4)
  2 hound skeletons
  A worker ant zombie (D:4)
  6 adders
  13 gnolls
  An ufetubus (D:5)
  2 giant geckos
  21 orcs
  2 giant cockroaches
  3 goblins
  4 hobgoblins
  2 jackals (D:5)
  7 bats
  2 giant newts
  A jackal zombie (D:5)
  21 kobolds
  2 rats
224 creatures vanquished.

Vanquished Creatures (others)
  2 guardian golems
  6 wolves
  4 wargs
  25 ice beasts
  6 hounds
  A crimson imp (D:8)
  4 white imps
  4 shadow imps
  A bat (D:3)
  2 quokkas
  A giant spore (D:10)
  A rat (D:4)
57 creatures vanquished.

Grand Total: 447 creatures vanquished

Notes
Turn   | Place    | Note
--------------------------------------------------------------
     0 | D:1      | PolkaDot, the Vampire Summoner, began the quest for the Orb.
     0 | D:1      | Reached XP level 1. HP: 13/13 MP: 3/3
   252 | D:1      | Found an iron altar of Okawaru.
   332 | D:1      | Reached XP level 2. HP: 19/19 MP: 4/4
   706 | D:1      | Learned a level 2 spell: Call Imp
   768 | D:2      | Reached XP level 3. HP: 20/24 MP: 0/6
   858 | D:2      | Reached skill level 1 in Polearms
   955 | D:2      | Learned a level 3 spell: Call Canine Familiar
  1335 | D:3      | Reached skill level 1 in Staves
  1836 | D:3      | Reached XP level 4. HP: 30/30 MP: 7/7
  1961 | D:3      | Noticed a phantom
  2050 | D:3      | Killed a phantom
  2126 | D:3      | Reached XP level 5. HP: 24/35 MP: 1/9
  2380 | D:3      | Found an iron altar of Okawaru.
  2381 | D:3      | Found a radiant altar of Vehumet.
  3030 | D:4      | Found an ancient bone altar of Kikubaaqudgha.
  3156 | D:4      | Found a staircase to the Ecumenical Temple.
  3167 | Temple   | Entered the Ecumenical Temple
  3313 | D:4      | Reached XP level 6. HP: 29/41 MP: 1/10
  3525 | D:4      | Found a deep blue altar of Sif Muna.
  4250 | D:4      | Reached skill level 5 in Staves
  4272 | D:4      | Reached XP level 7. HP: 30/46 MP: 3/12
  4482 | D:4      | Learned a level 4 spell: Summon Ice Beast
  4506 | D:4      | Noticed zkyp's ghost (average HuFi)
  4532 | D:4      | Killed zkyp's ghost
  4532 | D:4      | Reached skill level 6 in Staves
  4884 | D:5      | Entered Level 5 of the Dungeon
  4967 | D:4      | Became a worshipper of Sif Muna the Loreminder
  5539 | D:5      | Reached skill level 5 in Summonings
  5647 | D:5      | Reached skill level 1 in Ice Magic
  5734 | D:5      | Found a snail-covered altar of Cheibriados.
  6067 | D:5      | Found an opulent altar of Gozag.
  6114 | D:5      | Noticed Edmund
  6138 | D:5      | Killed Edmund
  6367 | D:5      | Noticed Eustachio
  6386 | D:5      | Killed Eustachio
  6386 | D:5      | Acquired Sif Muna's first power
  6580 | D:5      | Reached XP level 8. HP: 23/52 MP: 5/13
  7386 | D:6      | Found a stormy altar of Qazlal.
  8019 | D:7      | Found a shattered altar of Ashenzari.
  8501 | D:7      | Reached skill level 7 in Staves
  9644 | D:8      | Reached XP level 9. HP: 40/57 MP: 1/15
 10519 | D:8      | Reached skill level 8 in Staves
 10646 | D:8      | Acquired Sif Muna's second power
 11120 | D:8      | Reached skill level 5 in Ice Magic
 11426 | D:8      | Found a snail-covered altar of Cheibriados.
 12037 | D:9      | Noticed Gastronok
 12107 | D:9      | Killed Gastronok
 12107 | D:9      | Reached skill level 9 in Staves
 12107 | D:9      | Reached XP level 10. HP: 46/63 MP: 7/16
 12683 | D:9      | Noticed Pikel
 12709 | D:9      | Killed Pikel
 12945 | D:9      | Noticed Grum
 12969 | D:9      | Killed Grum
 13629 | D:9      | Reached skill level 10 in Staves
 13649 | D:9      | Learned a level 4 spell: Summon Guardian Golem
 13687 | D:9      | Reached skill level 1 in Hexes
 13887 | D:10     | Entered Level 10 of the Dungeon
 13937 | D:10     | Noticed Erica
 13957 | D:10     | Killed Erica
 14105 | D:10     | Noticed a guardian serpent
 14112 | D:10     | Killed a guardian serpent
 14764 | D:10     | Noticed a hill giant
 14858 | D:10     | Killed a hill giant
 14977 | D:10     | Noticed a hill giant
 15005 | D:10     | Killed a hill giant
 15010 | D:10     | Reached XP level 11. HP: 61/68 MP: 16/18
 15197 | D:10     | Reached skill level 5 in Hexes
 15216 | D:10     | HP: 1/68 [deep elf mage/orb of energy (9)]
 15221 | D:10     | HP: 1/68 [poisoned by a deep elf mage (bolt of poison)]
 15224 | D:10     | Gained mutation: You occasionally shout uncontrollably at your foes. [potion of mutation]
 15224 | D:10     | Gained mutation: Your spells are a little harder to cast, but a little more powerful. [potion of mutation]
 15224 | D:10     | Slain by a quokka

Action                   |  1- 3 |  4- 6 |  7- 9 | 10-12 || total
-------------------------+-------+-------+-------+-------++-------
Melee: Unarmed           |    67 |       |       |       ||    67
       Spear             |    94 |       |       |       ||    94
       Staff             |    84 |   266 |   544 |   260 ||  1154
 Cast: Summon Small Mamm |     1 |     5 |     5 |     1 ||    12
       Call Imp          |     3 |    22 |    17 |     2 ||    44
       Call Canine Famil |     1 |    10 |    34 |    20 ||    65
       Summon Ice Beast  |       |       |    74 |    60 ||   134
       Summon Guardian G |       |       |       |     7 ||     7
Invok: Channel Energy    |       |       |    61 |   103 ||   164
Evoke: Wand              |       |       |     4 |       ||     4
  Use: Potion            |     2 |     8 |     2 |     9 ||    21
       Scroll            |       |     7 |     3 |    12 ||    22
 Stab: Distracted        |     1 |     3 |     9 |     1 ||    14
       Sleeping          |     7 |     7 |     5 |     2 ||    21
       Invisible         |       |     9 |     4 |     1 ||    14
  Eat: Corpse            |    13 |    11 |    42 |    22 ||    88
